 Dungeon Crawl Stone Soup version 0.27.0-1-g7a089689b8 (webtiles) character file.

Game seed: 17726881893231127532

88 selver the Conjurer (level 4, 0/30 HPs)
             Began as a Demonspawn Hedge Wizard on Aug 15, 2021.
             Slain by a black bear (3 damage)
             ... on level 3 of the Dungeon.
             The game lasted 00:06:48 (2899 turns).

selver the Conjurer (Demonspawn Hedge Wizard)       Turns: 2899, Time: 00:06:48

Health: 0/30       AC:  3    Str: 11    XL:     4   Next: 30%
Magic:  5/8        EV: 12    Int: 16    God:
Gold:   149        SH:  0    Dex: 12    Spells: 8/9 levels left

rFire    . . .     SeeInvis .   h - +2 dagger (venom)
rCold    . . .     Faith    .   (no shield)
rNeg     . . .     Spirit   .   b - +0 robe
rPois    .         Reflect  .   c - +0 hat
rElec    .         Harm     .   m - +0 cloak
rCorr    .         Rampage  .   (no gloves)
Will     .....                  (no boots)
Stlth    ++........             (no amulet)
HPRegen  0.10/turn              (no ring)
MPRegen  0.11/turn              (no ring)

@: no status effects
A: hooves 1
a: no special abilities


You were on level 3 of the Dungeon.
You visited 1 branch of the dungeon, and saw 3 of its levels.

You collected 149 gold pieces.

Inventory:

Hand Weapons
 h - a +2 dagger of venom (weapon)
 l - a +2 dagger of speed
Armour
 b - a +0 robe (worn)
 c - a +0 hat (worn)
 m - a +0 cloak (worn)
Jewellery
 p - an amulet of magic regeneration
Scrolls
 d - a scroll of teleportation {unknown}
 e - a scroll of enchant weapon {unknown}
 i - a scroll of amnesia {unknown}
 j - a scroll of torment {unknown}
 k - a scroll of enchant armour {unknown}
 n - a scroll of identify {unknown}
Potions
 a - a potion of lignification {unknown}
 f - a potion of cancellation {unknown}
 g - a potion of heal wounds {unknown}
 o - a potion of curing {unknown}


   Skills:
 - Level 1.7 Dodging
 - Level 1.7 Stealth
 - Level 3.0 Spellcasting
 + Level 4.2 Conjurations
 - Level 1.0 Summonings
 - Level 0.8 Translocations


You had 8 spell levels left.
You knew the following spells:

 Your Spells              Type           Power      Damage    Failure   Level
a - Magic Dart            Conj           64%        1d6       3%          1

Your spell library contained the following spells:

 Spells                   Type           Power      Damage    Failure   Level
 Call Imp                 Summ           5%         N/A       19%         2
 Blink                    Tloc           N/A        N/A       21%         2
 Conjure Flame            Conj/Fire      9%         6-21      24%         3
 Slow                     Hex            2%         N/A       28%         2
 Mephitic Cloud           Conj/Pois/Air  6%         N/A       32%         3


Dungeon Overview and Level Annotations

Branches:
Dungeon (3/15)

Altars:


Innate Abilities, Weirdness & Mutations

You have large cloven feet.


Message History

Aim: a black bear (moderately wounded, 100% to hit)
The magic dart hits the black bear.
The black bear is heavily wounded.
Casting: Magic Dart (safe; 3% risk of failure)
Confirm with . or Enter, or press ? or * to list all spells.
Aiming: Magic Dart (safe; 3% risk of failure)
Press: ? - help, Shift-Dir - straight line, f/p - black bear
Aim: a black bear (heavily wounded, 100% to hit)
The magic dart hits the black bear but does no damage.
The black bear is heavily wounded.
You hit the black bear.
The black bear is poisoned.
The black bear is heavily wounded.
The black bear bites you. The black bear closely misses you. x2
The black bear closely misses you.
The black bear claws you but does no damage.
The black bear claws you.
The black bear goes berserk!
The black bear looks more healthy.
The black bear bites you. The black bear closely misses you.
The black bear claws you.
Casting: Magic Dart (safe; 3% risk of failure)
Confirm with . or Enter, or press ? or * to list all spells.
Aiming: Magic Dart (safe; 3% risk of failure)
Press: ? - help, Shift-Dir - straight line, f/p - black bear
Aim: a black bear (severely wounded, berserk, 100% to hit)
Okay, then.
You barely miss the black bear. You kick the black bear.
The black bear is almost dead.
The black bear bites you. The black bear barely misses you.
The black bear claws you. The black bear barely misses you.
The black bear misses you. The black bear claws you.
* * * LOW HITPOINT WARNING * * *
The black bear barely misses you.
The black bear claws you but does no damage.
The black bear claws you.
* * * LOW HITPOINT WARNING * * *
The black bear rages.
The black bear bites you.
* * * LOW HITPOINT WARNING * * *
The black bear closely misses you. The black bear claws you.
You die...

#<#.# #####.###.## #.#.#
#..........# ##### #.#.#
#.##.......# #...# #.#.#
#.##.####.## ....# #.#.# #.##.#
#.# #...## #.#.# #.##.# #.#
.###.###.#.# #.##.# #.# . ##
##.)....# #h##.## ..# #.
.###.###.#######@....##.## #.
#.#.##.....##.>..##..##. #.
##.###.#.#.#...#>##..##.########.
##.##..<.........##..##.#........
...##..#.#.#...#.................
#####......##.##..#..##..........
.........#.##.#...#..####.#####..
##...(..†..##.............# ##.
#.##.##.#.##.#...#..###### #.


You could see a black bear (berserk).

Vanquished Creatures
  2 adders
  A worm (D:2)
  2 dart slugs
  7 endoplasms
  2 giant cockroaches (D:2)
  6 goblins
  6 hobgoblins
  7 jackals
  2 quokkas
  2 ball pythons (D:1)
  7 bats
  2 frilled lizards (D:1)
  5 kobolds
  7 rats
58 creatures vanquished.

Notes
Turn   | Place    | Note
-------+----------+-------------------------------------------
     0 | D:1      | selver the Demonspawn Hedge Wizard began the quest for the
                  | Orb.
     0 | D:1      | Reached XP level 1. HP: 13/13 MP: 4/4
   286 | D:1      | Reached skill level 2 in Conjurations
   286 | D:1      | Gained mutation: You have large cloven feet. [demonic
                  | ancestry]
   286 | D:1      | Reached XP level 2. HP: 12/19 MP: 0/6
   866 | D:1      | Reached skill level 3 in Conjurations
  1166 | D:1      | Found a faded altar of an unknown god.
  1231 | D:1      | Reached XP level 3. HP: 24/24 MP: 7/7
  2358 | D:2      | Reached XP level 4. HP: 27/30 MP: 2/8
  2491 | D:2      | Reached skill level 4 in Conjurations
  2877 | D:3      | Noticed a black bear
  2899 | D:3      | Slain by a black bear

Illustrated notes

Levels and vault maps discovered:
D:1:      minmay_arrival_diagonal_passages, layout_loops_ring,
          dilly_ecumenical_altar_fadedgnrine, serial_bayou_pond_b
D:2:      minmay_recursive_quarters, layout_basic
D:3:      layout_loops_ring, marbit_many_paths

Skill      XL: |  1  2  3  4 |
---------------+-------------+-----
Conjurations   | 2 3 4 |  4.2
Dodging        | |  1.7
Stealth        | |  1.7
Spellcasting   | |  3.0
Summonings     | |  1.0
Translocations | |  0.8

Action                   |  1- 3 |  4- 6 || total
-------------------------+-------+-------++-------
Melee: Dagger            |   123 |    12 ||   135
       Kick              |    14 |     2 ||    16
 Cast: Magic Dart        |    58 |    14 ||    72
 Stab: Sleeping          |     2 |     3 ||     5
Armor: Robe              |    31 |     3 ||    34
Dodge: Dodged            |    77 |    11 ||    88
